 Dungeon Sprint DCSS version 0.29-a0-468-ge57f7f99b4 (webtiles) character file.

Game seed: 3282900568369142693

5590 mhtbhm the Impaler (level 10, -3/168 HPs)
             Began as a Minotaur Berserker on May 21, 2022.
             Was the Champion of Trog.
             Slain by Urug
             ... wielding a +4 demon trident of electrocution
              (17 damage)
             ... in the Dungeon (Sprint III: "The Ten Rune Challenge").
             The game lasted 00:04:52 (1855 turns).

mhtbhm the Impaler (Minotaur Berserker)             Turns: 1855, Time: 00:04:52

Health: -3/168     AC:  4    Str: 27    XL:     10   Next: 45%
Magic:  9/9        EV: 14    Int:  4    God:    Trog [******]
Gold:   22         SH:  0    Dex:  9    Spells: 9/9 levels left

rFire   . . .      SeeInvis .   a - +2 bardiche (flame)
rCold   . . .      Faith    .   (shield currently unavailable)
rNeg    . . .      Spirit   .   b - +0 animal skin
rPois   .          Reflect  .   (helmet restricted)
rElec   .          Harm     .   l - +0 cloak
rCorr   .          Rampage  .   (no gloves)
Will    .....      NoTele   +   (no boots)
Stlth   ..........              (no amulet)
HPRegen 0.38/turn               (no ring)
MPRegen 0.11/turn               (no ring)

@: berserking, very quick
A: horns 2, retaliatory headbutt
a: Renounce Religion, Berserk, Trog's Hand, Brothers in Arms


You were in the Dungeon.
You worshipped Trog.
Trog was exalted by your worship.
You visited 1 branch You collected 22 gold pieces.

Inventory:

Hand Weapons
 a - a +2 bardiche of flaming (weapon)
Armour
 b - a +0 animal skin (worn)
 l - a +0 cloak (worn)
Wands
 r - a wand of flame (8)
Scrolls
 h - a scroll of blinking
 i - 2 scrolls of torment {unknown}
 j - a scroll of fog {unknown}
 m - a scroll of immolation {unknown}
 n - a scroll of enchant weapon {unknown}
 q - a scroll of identify {unknown}
Potions
 c - 3 potions of curing
 d - a potion of heal wounds
 e - a potion of haste
 f - 2 potions of magic
 g - a potion of berserk rage
 k - a potion of ambrosia {unknown}
 o - a potion of flight {unknown}
 p - 6 potions of mutation
Miscellaneous
 s - a phial of floods


   Skills:
 + Level 18.0 Fighting
 + Level 20.1 Polearms
 + Level 8.2 Armour
 + Level 9.2 Dodging
 + Level 1.7 Stealth


You had 9 spell levels left.
You didn't know any spells.
Your spell library was empty.

Dungeon Overview and Level Annotations

Branches:
Dungeon (1/1)

Altars:
Cheibriados
Dithmenos
Elyvilon
Fedhas
Gozag
Hepliaklqana
Kikubaaqudgha
Makhleb
Nemelex Xobeh
Okawaru
Qazlal
Ru
Sif Muna
Trog
Uskayaw
Vehumet
Wu Jian
Xom
Yredelemnul
Zin
The Shining One
Beogh
Jiyva
Lugonu

Annotations:
D Urug


Innate Abilities, Weirdness & Mutations

You have a pair of horns on your head.
You reflexively headbutt those who attack you in melee.


Message History

The redback poisons you!
You closely miss the redback. Your headbutt misses the redback.
You feel extremely sick. The redback misses you.
You slash the redback! You burn the redback.
The redback is heavily wounded.
You feel extremely sick. The redback barely misses you.
You closely miss the redback.
The redback is heavily wounded.
You feel extremely sick.
The redback bites you but does no damage.
The redback bites you!
You slice the redback!! You burn the redback.
You kill the redback!
Trog accepts your kill.
You feel extremely sick.
You hear a shout!
Your Fighting skill increases to level 18!
Urug the Orcish Ballista comes into view.
She is wielding a +4 demon trident of electrocution.
* * * LOW HITPOINT WARNING * * *
You feel extremely sick.
Urug throws a javelin.
The javelin misses you.
You feel very sick.
You feel better.
A red film seems to cover your vision as you go berserk!
You feel yourself moving faster!
You feel mighty!
Urug hits you with a +4 demon trident of electrocution!!
* * * LOW HITPOINT WARNING * * *
You barely miss Urug. Your headbutt misses Urug. You slice Urug!!
You burn Urug.
Urug is moderately wounded.
Urug hits you with a +4 demon trident of electrocution!!
* * * LOW HITPOINT WARNING * * *
You barely miss Urug.
Urug is moderately wounded.
You closely miss Urug. Your headbutt misses Urug.
Urug is moderately wounded.
Urug hits you with a +4 demon trident of electrocution!
You die...

....#___#__'...#.#..§#...#...##.#
▓▓▓▓▓▓▓▓▓▓▓▓▓▓▓▓▓▓▓▓▓▓▓▓▓▓▓▓▓#.#.
♣♣)≈≈........≈≈≈...##.#
+♣♣†♣≈≈≈≈≈≈≈≈≈≈≈≈♣♣P.'.#.
#.≈♣♣♣♣♣♣♣♣♣♣♣♣♣♣♣♣PP##.# #..♣♣
♣♣♣# +# ###'♣♣♣♣♣ ♣♣♣♣†##..##
♣..†##.##@# ♣♣.##.##o##
♣..#.##..o# ♣♣.##.##..# ♣♣.##.#
### ♣.....# #######


You could see Urug.

Vanquished Creatures
  Erica (D)
  A centaur warrior (D)
  A lindwurm (D)
  A deep elf pyromancer (D)
  2 cane toads (D)
  An unseen horror (D)
  A komodo dragon (D)
  3 wandering mushrooms (D)
  2 tyrant leeches (D)
  A shadow (D)
  3 redbacks (D)
  A spatial vortex (D)
  2 centaurs (D)
  An earth elemental (D)
  A necrophage (D)
  A water elemental (D)
  Crazy Yiuf (D)
  A jelly (D)
  A wizard (D)
  A necromancer (D)
  3 humans (D)
  A kobold demonologist (D)
  2 endoplasms (D)
  2 rats (D)
35 creatures vanquished.

Notes
Turn   | Place    | Note
-------+----------+-------------------------------------------
     0 | D        | mhtbhm the Minotaur Berserker began the quest for the Orb.
     0 | D        | Reached XP level 1. HP: 19/19 MP: 0/0
     7 | D        | Reached skill level 4 in Polearms
    55 | D        | Reached ** piety under Trog
   113 | D        | Noticed Crazy Yiuf
   118 | D        | Killed Crazy Yiuf
   119 | D        | Reached skill level 5 in Fighting
   119 | D        | Reached skill level 6 in Polearms
   119 | D        | Reached XP level 2. HP: 30/30 MP: 1/1
   119 | D        | Reached XP level 3. HP: 37/37 MP: 2/2
   210 | D        | Noticed a water elemental
   214 | D        | Killed a water elemental
   214 | D        | Reached *** piety under Trog
   215 | D        | Reached skill level 8 in Polearms
   215 | D        | Reached XP level 4. HP: 48/48 MP: 3/3
   283 | D        | Found a basalt altar of Yredelemnul.
   283 | D        | Found a shadowy altar of Dithmenos.
   283 | D        | Found a sacrificial altar of Ru.
   283 | D        | Noticed a necrophage
   291 | D        | Killed a necrophage
   292 | D        | Reached skill level 9 in Polearms
   292 | D        | Reached skill level 5 in Armour
   292 | D        | Reached XP level 5. HP: 57/57 MP: 4/4
   334 | D        | Found a hide-covered altar of Uskayaw.
   334 | D        | Found an iron altar of Okawaru.
   334 | D        | Found a bloodstained altar of Trog.
   334 | D        | Found an ornate altar of the Wu Jian Council.
   334 | D        | Noticed a human
   335 | D        | Noticed a human
   336 | D        | Found a glowing silver altar of Zin.
   336 | D        | Found a glowing golden altar of the Shining One.
   336 | D        | Found a white marble altar of Elyvilon.
   336 | D        | Noticed a deep elf pyromancer
   343 | D        | Killed a deep elf pyromancer
   343 | D        | Reached **** piety under Trog
   344 | D        | Reached skill level 12 in Polearms
   344 | D        | Reached skill level 5 in Dodging
   344 | D        | Reached XP level 6. HP: 41/70 MP: 5/5
   344 | D        | Reached XP level 7. HP: 45/77 MP: 6/6
   350 | D        | Killed a human
   351 | D        | Reached skill level 13 in Polearms
   355 | D        | Killed a human
   609 | D        | Found a radiant altar of Vehumet.
   609 | D        | Found a shimmering blue altar of Sif Muna.
   609 | D        | Found an ancient bone altar of Kikubaaqudgha.
   614 | D        | Noticed an ice devil
   614 | D        | Reached ***** piety under Trog
   681 | D        | Noticed a shadow
   687 | D        | Killed a shadow
   688 | D        | Reached skill level 14 in Polearms
   688 | D        | Reached XP level 8. HP: 86/86 MP: 7/7
   751 | D        | Found a blossoming altar of Fedhas.
   751 | D        | Found a stormy altar of Qazlal.
   751 | D        | Found a snail-covered altar of Cheibriados.
   751 | D        | Found a burning altar of Makhleb.
   751 | D        | Found a shimmering altar of Xom.
   753 | D        | Found a hazy altar of Hepliaklqana.
   753 | D        | Found an opulent altar of Gozag.
   753 | D        | Found a sparkling altar of Nemelex Xobeh.
   753 | D        | Found a corrupted altar of Lugonu.
   753 | D        | Found a viscous altar of Jiyva.
   836 | D        | Noticed Erica
   849 | D        | Killed Erica
   849 | D        | Received a gift from Trog
   850 | D        | Reached skill level 15 in Polearms
   956 | D        | Reached skill level 15 in Fighting
  1052 | D        | Noticed a centaur warrior
  1058 | D        | Reached skill level 16 in Polearms
  1058 | D        | Reached XP level 9. HP: 97/97 MP: 8/8
  1062 | D        | Killed a centaur warrior
  1063 | D        | Reached skill level 17 in Polearms
  1123 | D        | Killed an unseen horror
  1394 | D        | Noticed a wandering mushroom
  1398 | D        | Noticed a wandering mushroom
  1401 | D        | Killed a wandering mushroom
  1402 | D        | Noticed a wandering mushroom
  1406 | D        | Killed a wandering mushroom
  1407 | D        | Reached skill level 18 in Polearms
  1410 | D        | Killed a wandering mushroom
  1417 | D        | Noticed a cane toad
  1417 | D        | Noticed a komodo dragon
  1417 | D        | Noticed a cane toad
  1419 | D        | Killed a cane toad
  1422 | D        | Killed a cane toad
  1423 | D        | Reached XP level 10. HP: 111/111 MP: 9/9
  1426 | D        | Received a gift from Trog
  1426 | D        | Reached ****** piety under Trog
  1427 | D        | Reached skill level 19 in Polearms
  1492 | D        | Reached skill level 1 in Stealth
  1607 | D        | Noticed a lindwurm
  1612 | D        | Killed a lindwurm
  1615 | D        | Reached skill level 20 in Polearms
  1848 | D        | Noticed Urug
  1855 | D        | Slain by Urug

Illustrated notes

Levels and vault maps discovered:
D:        dungeon_sprint_mu [sprint_mu_entry_forest, sprint_mu_temple_rooms,
          sprint_mu_d1_horrors, sprint_mu_d2_genie, sprint_mu_d3_branching,
          sprint_mu_orc_legion, sprint_mu_elf_gauntlet, sprint_mu_hive_nellie,
          sprint_mu_lair_fedhas, sprint_mu_vaults_butterflies,
          sprint_mu_slime_circle, sprint_mu_shoals_archi,
          sprint_mu_snake_twists, sprint_mu_blade_basic,
          sprint_mu_crypt_fortress, sprint_mu_tomb_spiral,
          sprint_mu_vestibule_basic, sprint_mu_gehenna_hellfire,
          sprint_mu_dis_giant, sprint_mu_tartarus_statrot,
          sprint_mu_cocytus_islands, sprint_mu_zot1]

Skill      XL: |  1  2  3  4  5  6  7  8  9 10 |
---------------+-------------------------------+-----
Fighting       | 5 7 9 12 13 15 17 18 | 18.0
Polearms       | 6 8 9 12 14 16 18 20 | 20.1
Armour         | 3 4 5 6 7 8 |  8.2
Dodging        | 3 4 5 6 7 8 9 |  9.2
Stealth        | 1 |  1.7

Action                   |  1- 3 |  4- 6 |  7- 9 | 10-12 || total
-------------------------+-------+-------+-------+-------++-------
Melee: Spear             |    21 |    13 |    43 |       ||    77
       Headbutt          |     3 |       |     9 |     1 ||    13
       Punch             |       |       |     1 |       ||     1
       Bardiche          |       |       |    28 |    24 ||    52
Invok: Berserk           |     2 |     2 |     4 |     1 ||     9
  Use: Potion            |       |       |       |     1 ||     1
 Stab: Sleeping          |       |       |       |     2 ||     2
Armor: Animal skin       |       |     2 |     4 |     3 ||     9
Dodge: Dodged            |     1 |     4 |    12 |     4 ||    21

Table legend: (Time is in decaauts)
 A = Elapsed time spent in this place.
 B = Non-inter-level travel time spent in this place.
 C = Inter-level travel time spent in this place.
 D = Time resting spent in this place.
 E = Time spent auto-exploring this place.
 F = Levels seen in this place.
 G = Mean time per level.
                   A        B        C        D        E       F      G
               +--------+--------+--------+--------+--------+-----+--------+
         Total |   1955 |   1955 |      0 |   1541 |      6 |   1 | 1955.0 |
       Dungeon |   1955 |   1955 |      0 |   1541 |      6 |   1 | 1955.0 |
               +--------+--------+--------+--------+--------+-----+--------+

Top non-repeatable levels by time:
       D: 1955 daAuts
